 Dungeon Crawl Stone Soup version 0.25.0-46-gbd7b0854d2 (webtiles) character file.

Game seed: 3241266109232999251

289 DerDa the Shield-Bearer (level 6, -2/43 HPs)
             Began as a Halfling Fighter on July 16, 2020.
             Slain by Sigmund
             ... wielding a +0 scythe
              (3 damage)
             ... on level 3 of the Dungeon.
             The game lasted 00:05:53 (4063 turns).

DerDa the Shield-Bearer (Halfling Fighter)          Turns: 4063, Time: 00:05:54

Health: -2/43      AC:  7    Str: 17    XL:     6   Next: 58%
Magic:  6/6        EV: 10    Int:  6    God:
Gold:   80         SH: 10    Dex: 16    Spells: 5/5 levels left

rFire    . . .     SeeInvis .   a - +0 rapier
rCold    . . .     Gourm    .   c - +0 kite shield
rNeg     . . .     Faith    .   b - +0 scale mail
rPois    +         Spirit   .   (no helmet)
rElec    .         Reflect  .   (no cloak)
rCorr    .         Harm     .   (no gloves)
MR       .....                  (no boots)
Stlth    ..........             (no amulet)
HPRegen  0.14/turn              m - ring of poison resistance
MPRegen  0.10/turn              (no ring)

@: no status effects
A: small, mutation resistance 1
a: no special abilities


You were on level 3 of the Dungeon.
You were not hungry.

You visited 1 branch of the dungeon, and saw 3 of its levels.

You collected 80 gold pieces.

Inventory:

Hand Weapons
 a - a +0 rapier (weapon)
Missiles
 i - 30 poisoned darts (quivered)
 j - 41 stones
Armour
 b - a +0 scale mail (worn)
 c - a +0 kite shield (worn)
Jewellery
 m - a ring of poison resistance (left hand)
 w - an uncursed amulet of the acrobat {unknown}
Scrolls
 e - a scroll of enchant weapon {unknown}
 n - a scroll of amnesia {unknown}
 o - a scroll of fear {unknown}
 q - 2 scrolls of identify {unknown}
 s - a scroll of remove curse {unknown}
 t - a scroll of immolation {unknown}
Potions
 d - a potion of might
 g - a potion of flight {unknown}
 h - a potion of curing {unknown}
 k - a potion of haste {unknown}
 p - a potion of lignification {unknown}
 r - a potion of stabbing {unknown}
 u - a potion of cancellation {unknown}
 v - a potion of mutation {unknown}
Comestibles
 f - 3 rations


   Skills:
 * Level 4.2 Fighting
 + Level 3.9 Short Blades
 + Level 4.2 Armour
 + Level 2.3 Dodging
 + Level 4.2 Shields


You had 5 spell levels left.
You didn't know any spells.
Your spell library was empty.

Dungeon Overview and Level Annotations

Branches:
Dungeon (3/15)

Altars:
Ashenzari
Cheibriados
Vehumet

Annotations:
D:3 Sigmund


Innate Abilities, Weirdness & Mutations

You are small and have problems with some larger weapons.
You are somewhat resistant to further mutation.


Message History

You feel less confused. Something hits you.
You completely miss something.
Your shield and scale mail prevent you from hitting something.
Something hits you.
You miss something. Something hits you but does no damage.
You puncture something! Something hits you!
You hit something but do no damage. You puncture something!
You hear some strange, mumbled words.
A magic dart appears from out of thin air!
The magic dart hits you.
You closely miss something. Something hits you!
* * * LOW HITPOINT WARNING * * *
You closely miss something. Something hits you but does no damage.
You hit something but do no damage. Something hits you!
* * * LOW HITPOINT WARNING * * *
You miss something. You hit something. Something hits you.
You die...

............######.#.#.######....
.................#...........###.
...≈....≈...####.#.#[#.#####.###.
#..........## #.#..)..# #.....#.
#....≈≈.....## #.#.#.#####.....#.
#....≈≈......###............###..
#.............##...#.#...#.##.##.
...≈....≈......{...#......<#.###÷
..............##@..#.......##.##.
...)......###...##.......##.#.
..###.....................##.. .
............#####...<..####
############.# #####..# # #.#
#..# #.#########..#
#............####
###########......


There were no monsters in sight!

Vanquished Creatures
  An ice beast (D:3)
  2 orc priests
  Terence (D:2)
  6 adders
  A worm (D:3)
  3 leopard geckos (D:2)
  7 orcs
  3 ball pythons
  5 giant cockroaches
  5 goblins
  5 hobgoblins
  3 kobolds
  8 bats
  6 frilled lizards
  7 rats
63 creatures vanquished.

Notes
Turn   | Place    | Note
-------+----------+-------------------------------------------
     0 | D:1      | DerDa the Halfling Fighter began the quest for the Orb.
     0 | D:1      | Reached XP level 1. HP: 15/15 MP: 1/1
   109 | D:1      | Reached XP level 2. HP: 20/20 MP: 2/2
   830 | D:2      | Reached XP level 3. HP: 26/26 MP: 3/3
  1485 | D:1      | Reached skill level 1 in Dodging
  1485 | D:1      | Reached XP level 4. HP: 7/31 MP: 4/4
  2164 | D:2      | Reached XP level 5. HP: 32/36 MP: 5/5
  2358 | D:2      | Noticed Terence
  2376 | D:2      | Killed Terence
  2751 | D:2      | Found a radiant altar of Vehumet.
  3078 | D:3      | Found a snail-covered altar of Cheibriados.
  3235 | D:3      | Found a shattered altar of Ashenzari.
  3316 | D:3      | Reached XP level 6. HP: 43/43 MP: 6/6
  3832 | D:3      | Noticed an ice beast
  3853 | D:3      | Killed an ice beast
  4033 | D:3      | Noticed Sigmund
  4061 | D:3      | HP: 1/43 [something (9)]
  4063 | D:3      | Slain by Sigmund

Illustrated notes

Levels and vault maps discovered:
D:1:      roderic_dead_forest, layout_rooms, serial_forest,
          infiniplex_forest_clump_double, infiniplex_forest_straight_3,
          infiniplex_forest_lined_corner, infiniplex_forest_clump_tiny,
          infiniplex_forest_corner_1, infiniplex_forest_clump_double,
          infiniplex_forest_clump_cross, infiniplex_forest_end_1,
          infiniplex_forest_clump_double, infiniplex_forest_lined_3_way,
          moated_statue
D:2:      cheibrodos_pilgrimage, layout_basic, lemuel_crystal_altar,
          first_ration, uniq_terence
D:3:      mumra_celtic_spiral_tile, layout_loops_ring, evilmike_ruin_ashenzari,
          grunt_decor_cap, amethyst_killhole, roderic_roman_lattice,
          skrybe_limestone_x, cheibriados_altar_1, uniq_sigmund

Skill      XL: |  1  2  3  4  5  6 |
---------------+-------------------+-----
Fighting       | 3 4 |  4.2
Short Blades   | 3 |  3.9
Dodging        | 1 2 |  2.3
Shields        | 4 |  4.2
Armour         | 4 |  4.2

Action                   |  1- 3 |  4- 6 || total
-------------------------+-------+-------++-------
Melee: Rapier            |    70 |   208 ||   278
  Eat: Chunk             |       |     7 ||     7
       Ration            |       |     1 ||     1
Armor: Scale mail        |    24 |    57 ||    81
Dodge: Dodged            |    22 |    59 ||    81
Block: Kite shield       |    35 |    89 ||   124
